 Dungeon Sprint DCSS version 0.30-a0-793-g160f7cfddd (webtiles) character file.

Game seed: 11840320575904073678

25043 octoduck the Devastator (level 12, -4/121 HPs)
             Began as a White Draconian Conjurer on Feb 20, 2023.
             Was the Champion of Vehumet.
             Slain by a minotaur
             ... wielding a staff of fire
              (28 damage)
             ... in the Dungeon (Sprint VII: "The Pits").
             The game lasted 00:53:23 (7542 turns).

octoduck the Devastator (White Draconian Conjurer)  Turns: 7542, Time: 00:53:24

Health: -4/121     AC:  8    Str: 10    XL:     12   Next: 86%
Magic:  7/29       EV: 18    Int: 20    God:    Vehumet [******]
Gold:   23         SH:  0    Dex: 17    Spells: 6/37 levels left

rFire   + . .      SeeInvis .    p - +4 quarterstaff of the Grinning Messenger {flame, +Blink rElec Will+ Dex+4}
rCold   + . .      Faith    .    (shield currently unavailable)
rNeg    + . .      Spirit   .    (body armour unavailable)
rPois   .          Reflect  .    (helmet restricted)
rElec   +          Harm     .    (no cloak)
rCorr   .          Rampage  .    (no gloves)
Will    +....      NoTele   +    (no boots)
Stlth   ++                       (no amulet)
HPRegen 0.40/turn                n - ring of positive energy
MPRegen 0.21/turn                r - ring of protection from fire

@: short of breath
A: breathe frost, AC +8, unfitting armour, cold resistance 1, cold-blooded
a: Breathe Frost, Renounce Religion, Evoke Blink


You were in the Dungeon.
You worshipped Vehumet.
Vehumet was exalted by your worship.
You visited 1 branch You collected 23 gold pieces.

Inventory:

Hand Weapons
 p - the +4 quarterstaff of the Grinning Messenger (weapon) {flame, +Blink rElec Will+ Dex+4}
   (You found it in the Dungeon)

   Dex:       It affects your dexterity (+4).
   rElec:     It insulates you from electricity.
   +Blink:    It lets you blink.
   Will:      It increases your willpower.
Missiles
 f - 4 curare-tipped darts
Jewellery
 n - a ring of positive energy (left hand)
 r - a ring of protection from fire (right hand)
Wands
 d - a wand of flame (16)
 g - a wand of digging (3)
Scrolls
 i - a scroll of amnesia
 q - a scroll of identify
 t - 3 scrolls of fear
 u - 4 scrolls of enchant weapon
 v - 6 scrolls of enchant armour
Potions
 a - 3 potions of magic
 b - 6 potions of curing
 c - 8 potions of heal wounds
 e - a potion of berserk rage
 h - 6 potions of might
 j - 3 potions of haste
 k - 3 potions of brilliance
 s - a potion of lignification


   Skills:
 + Level 15.5 Fighting
 - Level 10.9 Dodging
 - Level 1.7 Stealth
 - Level 13.4 Spellcasting
 + Level 18.1 Conjurations
 - Level 7.5 Hexes
 - Level 4.0 Translocations
 - Level 5.7 Fire Magic
 - Level 13.3 Air Magic
 - Level 6.3 Earth Magic


You had 6 spell levels left.
You knew the following spells:

 Your Spells              Type           Power      Damage    Failure   Level
a - Lightning Bolt        Conj/Air       33%        1d50      1%          5
b - Iskenderun's Mystic   Conj/Tloc      55%        2d12      1%          4
c - Orb of Destruction    Conj           36%        9d11      1%          7
e - Arcjolt               Conj/Air       33%        1d43      1%          5
f - Fulminant Prism       Conj/Hex       29%        3d13      1%          4
g - Conjure Ball Lightni  Conj/Air       33%        3x3d11    1%          6

Your spell library contained the following spells:

 Spells                   Type           Power      Damage    Failure   Level
 Lehudib's Crystal Spear  Conj/Erth      29%        10d8      45%         8
 Chain Lightning          Conj/Air       33%        3d44      86%         9
 Shatter                  Erth           19%        3d17*     100%        9
 Magic Dart               Conj           100%       1d8       0%          1
 Searing Ray              Conj           100%       2d8       0%          2
 Sandblast                Erth           76%        2d16      1%          1
 Dazzling Flash           Conj/Hex       100%       N/A       1%          3
 Kindle Blastsparks       Fire/Tloc/Air  88%        2d17      1%          3
 Tukima's Dance           Hex            43%        N/A       1%          3
 Yara's Violent Unravell  Hex/Tmut       14%        3d7       8%          5
 Passage of Golubria      Tloc           29%        N/A       10%         4


Dungeon Overview and Level Annotations

Branches:
Dungeon (1/1)

Altars:
Ashenzari
Cheibriados
Dithmenos
Elyvilon
Fedhas
Gozag
Hepliaklqana
Kikubaaqudgha
Makhleb
Nemelex Xobeh
Okawaru
Qazlal
Ru
Sif Muna
Trog
Uskayaw
Vehumet
Wu Jian
Xom
Yredelemnul
Zin
The Shining One
Jiyva
Lugonu


Innate Abilities, Weirdness & Mutations

You can breathe waves of freezing cold which knock back foes.
Your icy white scales are hard. (AC +8)
You cannot fit into any form of body armour.
Your flesh is cold resistant. (rC+)
You are cold-blooded and may be slowed by cold attacks.


Message History

The minotaur burns you. The minotaur gores you! The minotaur barely misses you.
The minotaur gores you!
Your fulminant prism crackles loudly.
Your fulminant prism explodes!
The blast of energy engulfs the minotaur!
The minotaur is lightly wounded.
You can't see any enemies this would affect, really read the scroll of fear?
Okay, then.
Okay, then.
Okay, then.
You blink.
The minotaur rages.
Okay, then.
Aiming: Breathe Frost (2% risk of failure)
Press: ? - help, Shift-Dir - straight line, f - minotaur
Aim: a minotaur, wielding a staff of fire, wearing a +0 plate armour, wearing an orb of wrath and quivering silver javelins (lightly wounded, berserk, 86% to hit)
You exhale a wave of freezing cold.
The freezing breath hits the minotaur.
The minotaur is lightly wounded.
Okay, then.
Okay, then.
You feel much better.
The minotaur hits you with a staff of fire.
The minotaur burns you. The minotaur barely misses you. x2
The minotaur gores you. The minotaur misses you. x2
The minotaur barely misses you.
The minotaur gores you but does no damage.
The minotaur hits you with a staff of fire!!!
* * * LOW HITPOINT WARNING * * *
The minotaur completely misses you.
You feel stable enough to blink again.
The minotaur hits you with a staff of fire!!
* * * LOW HITPOINT WARNING * * *
The minotaur gores you but does no damage.
Things that are here:
a +0 trident; a +0 robe of willpower; a merfolk corpse You feel much better.
The minotaur closely misses you. The minotaur gores you!
* * * LOW HITPOINT WARNING * * *
The minotaur hits you with a staff of fire!!
You die...

#.......##..##.##...##...###..#.#
#.......##..####.....##.##.##.###
#.......##...##......#...#.#...#.
##########....'......'...'.'...'.
##########...##......#...#.#...#.
...#..[[##..####)....##.##.##.###
...#..[[##).##.##...##...###..#.#
...').))##..##.H##.##)....#...#..
...#....##..###.@#'#.........##..
...#..).##..# ##......###...####.
############# ######## ##### ##


You could see a minotaur (berserk).

Vanquished Creatures
  A white draconian (D)
  An eidolon (D)
  A merfolk javelineer (D)
  Erolcha (D)
  A hydra (D)
  A merfolk aquamancer (D)
  A naga warrior (D)
  2 boulder beetles (D)
  A death yak (D)
  A soul eater (D)
  Sonja (D)
  A shadow wraith (D)
  2 sea snakes (D)
  A spriggan druid (D)
  A swamp dragon (D)
  A bog body (D)
  4 orc knights (D)
  5 harpies (D)
  2 necromancers (D)
  A deep elf pyromancer (D)
  A salamander (shapeshifter) (D)
  2 cyclopes (D)
  2 black mambas (D)
  A merfolk siren (D)
  A rust devil (D)
  A rime drake (D)
  A freezing wraith (D)
  An unseen horror (D)
  A red devil (D)
  5 merfolk (D)
  A troll (D)
  A guardian mummy (D)
  A hornet (D)
  7 dream sheep (D)
  2 air elementals (D)
  3 wyverns (D)
  A ynoxinul (D)
  A wraith (D)
  Eustachio (D)
  A redback (D)
  4 nagas (D)
  2 sky beasts (D)
  2 ice beasts (D)
  A swamp drake (D)
  3 centaurs (D)
  2 phantoms (D)
  3 scorpions (D)
  6 killer bees (D)
  A crimson imp (D)
  A jelly (D)
  An orc priest (D)
  A hound (D)
  An iron imp (D)
  Ijyb (D)
  2 hell rats (D)
  A mummy (D)
  A gnoll (D)
  A white imp (D)
  An ufetubus (D)
  An adder simulacrum (D)
  2 bat zombies (D)
  An endoplasm (D)
  A giant cockroach (D)
  A quokka (D)
  2 ball pythons (D)
  2 ball python skeletons (D)
  A ball python zombie (D)
  A bat (D)
  2 frilled lizards (D)
  A kobold (D)
  A quokka skeleton (D)
  A rat (D)
117 creatures vanquished.

Vanquished Creatures (others)
  A water elemental (D)
  A quokka skeleton (D)
  6 ball lightnings (D)
  76 fulminant prisms (D)
84 creatures vanquished.

Grand Total: 201 creatures vanquished

Notes
Turn   | Place    | Note
-------+----------+-------------------------------------------
     0 | D        | octoduck the Draconian Conjurer began the quest for the
                  | Orb.
     0 | D        | Reached XP level 1. HP: 14/14 MP: 3/3
    50 | D        | Found a bloodstained altar of Trog.
    50 | D        | Found a shimmering blue altar of Sif Muna.
    50 | D        | Found a viscous altar of Jiyva.
    50 | D        | Found a hazy altar of Hepliaklqana.
    50 | D        | Found an opulent altar of Gozag.
    51 | D        | Found a glowing golden altar of the Shining One.
    51 | D        | Found a glowing silver altar of Zin.
    51 | D        | Found a basalt altar of Yredelemnul.
    51 | D        | Found a shimmering altar of Xom.
    51 | D        | Found an ornate altar of the Wu Jian Council.
    51 | D        | Found a sacrificial altar of Ru.
    51 | D        | Found a stormy altar of Qazlal.
    51 | D        | Found an iron altar of Okawaru.
    51 | D        | Found a sparkling altar of Nemelex Xobeh.
    51 | D        | Found a burning altar of Makhleb.
    51 | D        | Found a blossoming altar of Fedhas.
    51 | D        | Found a white marble altar of Elyvilon.
    51 | D        | Found a shadowy altar of Dithmenos.
    51 | D        | Found a snail-covered altar of Cheibriados.
    52 | D        | Found a radiant altar of Vehumet.
    52 | D        | Found a corrupted altar of Lugonu.
    53 | D        | Found a hide-covered altar of Uskayaw.
    53 | D        | Found an ancient bone altar of Kikubaaqudgha.
    53 | D        | Found a broken altar of Ashenzari.
    60 | D        | Became a worshipper of Vehumet
    88 | D        | Reached skill level 5 in Conjurations
    88 | D        | Reached XP level 2. HP: 10/20 MP: 0/5
   146 | D        | Reached skill level 6 in Conjurations
   150 | D        | Learned a level 2 spell: Searing Ray
   172 | D        | Reached * piety under Vehumet
   172 | D        | Offered knowledge of Sandblast by Vehumet.
   175 | D        | Learned a level 1 spell: Sandblast
   231 | D        | Offered knowledge of Shock by Vehumet.
   231 | D        | Reached ** piety under Vehumet
   232 | D        | Reached skill level 1 in Earth Magic
   313 | D        | Reached XP level 3. HP: 24/26 MP: 0/6
   427 | D        | Noticed a scorpion
   440 | D        | Killed a scorpion
   440 | D        | Offered knowledge of Kindle Blastsparks by Vehumet.
   441 | D        | Reached skill level 7 in Conjurations
   441 | D        | Reached XP level 4. HP: 33/33 MP: 1/7
   508 | D        | Noticed a phantom
   508 | D        | Noticed a scorpion
   508 | D        | Noticed an ice beast
   522 | D        | Killed a phantom
   522 | D        | Reached *** piety under Vehumet
   523 | D        | Reached skill level 8 in Conjurations
   523 | D        | Reached XP level 5. HP: 31/38 MP: 3/11
   586 | D        | Learned a level 3 spell: Kindle Blastsparks
   591 | D        | Learned a level 4 spell: Iskenderun's Mystic Blast
   632 | D        | Killed an ice beast
   632 | D        | Offered knowledge of Olgreb's Toxic Radiance by Vehumet.
   633 | D        | Reached skill level 9 in Conjurations
   633 | D        | Reached XP level 6. HP: 45/45 MP: 6/12
   699 | D        | Reached skill level 10 in Conjurations
   778 | D        | Reached **** piety under Vehumet
   887 | D        | Offered knowledge of Frozen Ramparts by Vehumet.
   941 | D        | Noticed a dream sheep
   941 | D        | Noticed a dream sheep
   941 | D        | Noticed a dream sheep
   941 | D        | Noticed a dream sheep
   942 | D        | Noticed Sonja
   942 | D        | Noticed a dream sheep
   942 | D        | Noticed a dream sheep
   944 | D        | Noticed a dream sheep
  1090 | D        | Killed Sonja
  1091 | D        | Your scales start taking on an icy white colour.
  1091 | D        | Reduced skill Fire Magic to level 5
  1091 | D        | Reached XP level 7. HP: 19/50 MP: 4/17
  1091 | D        | Gained mutation: Your flesh is cold resistant. (rC+) [White
                  | Draconian growth]
  1254 | D        | Learned a level 4 spell: Fulminant Prism
  1270 | D        | Killed a dream sheep
  1270 | D        | Killed a dream sheep
  1271 | D        | Reached skill level 11 in Conjurations
  1271 | D        | Reached XP level 8. HP: 57/57 MP: 14/18
  1359 | D        | Killed a dream sheep
  1359 | D        | Reached ***** piety under Vehumet
  1359 | D        | Offered knowledge of Arcjolt by Vehumet.
  1360 | D        | Reached skill level 5 in Hexes
  1365 | D        | Killed a dream sheep
  1365 | D        | Killed a dream sheep
  1381 | D        | Killed a dream sheep
  1382 | D        | Reached skill level 5 in Dodging
  1382 | D        | Reached skill level 12 in Conjurations
  1382 | D        | Reached XP level 9. HP: 27/62 MP: 1/19
  1534 | D        | Learned a level 5 spell: Arcjolt
  1693 | D        | Got the +4 quarterstaff of the Grinning Messenger {flame,
                  | +Blink rElec Will+ Dex+4}
  1771 | D        | Noticed a boulder beetle
  1780 | D        | Paralysed by an air elemental for 1 turns
  1789 | D        | HP: 2/62 [air elemental/stunning burst (5)]
  1790 | D        | Offered knowledge of Lightning Bolt by Vehumet.
  2149 | D        | Killed a boulder beetle
  2251 | D        | Learned a level 5 spell: Lightning Bolt
  2264 | D        | Noticed a red devil
  2264 | D        | Noticed a deep elf pyromancer
  2270 | D        | Reached skill level 1 in Fighting
  2286 | D        | Killed a deep elf pyromancer
  2413 | D        | Reached XP level 10. HP: 80/80 MP: 19/23
  2659 | D        | Noticed Erolcha
  2811 | D        | Killed Erolcha
  3129 | D        | Reached skill level 10 in Air Magic
  3309 | D        | Noticed a swamp dragon
  3327 | D        | Killed a swamp dragon
  3327 | D        | Offered knowledge of Conjure Ball Lightning by Vehumet.
  3528 | D        | Noticed Ijyb
  3532 | D        | Killed Ijyb
  3625 | D        | Learned a level 6 spell: Conjure Ball Lightning
  3629 | D        | Noticed a harpy
  3630 | D        | Noticed an eidolon
  3631 | D        | Noticed a harpy
  3634 | D        | Noticed a harpy
  3635 | D        | Killed a harpy
  3635 | D        | Noticed a sea snake
  3635 | D        | Noticed a boulder beetle
  3636 | D        | Reached skill level 10 in Spellcasting
  3637 | D        | Killed a harpy
  3755 | D        | Killed an eidolon
  3755 | D        | Reached ****** piety under Vehumet
  3841 | D        | Offered knowledge of Orb of Destruction by Vehumet.
  3852 | D        | Learned a level 7 spell: Orb of Destruction
  3874 | D        | Killed a sea snake
  3875 | D        | Reached XP level 11. HP: 48/95 MP: 10/26
  4120 | D        | Noticed a death yak
  4133 | D        | Killed a death yak
  4133 | D        | Noticed a sea snake
  4146 | D        | Killed a sea snake
  4146 | D        | Offered knowledge of Yara's Violent Unravelling by Vehumet.
  4449 | D        | Killed a boulder beetle
  4558 | D        | Noticed a harpy
  4566 | D        | Killed a harpy
  4647 | D        | Reached skill level 13 in Conjurations
  4650 | D        | Noticed Eustachio
  4657 | D        | Killed Eustachio
  4767 | D        | Killed a harpy
  4767 | D        | Offered knowledge of Ozocubu's Refrigeration by Vehumet.
  5016 | D        | Noticed a harpy
  5026 | D        | Killed a harpy
  5027 | D        | Reached skill level 10 in Dodging
  5115 | D        | Offered knowledge of Maxwell's Capacitive Coupling by
                  | Vehumet.
  5116 | D        | Killed a shadow wraith
  5234 | D        | Reached skill level 14 in Conjurations
  5694 | D        | Offered knowledge of Lehudib's Crystal Spear by Vehumet.
  5694 | D        | Offered knowledge of Shatter by Vehumet.
  5694 | D        | Offered knowledge of Chain Lightning by Vehumet.
  5794 | D        | Noticed a merfolk javelineer
  5808 | D        | Killed a merfolk javelineer
  5809 | D        | Reached skill level 10 in Fighting
  5809 | D        | Reached XP level 12. HP: 36/106 MP: 3/29
  5838 | D        | Reached skill level 15 in Conjurations
  6498 | D        | Noticed a four-headed hydra
  6503 | D        | Killed a four-headed hydra
  6765 | D        | Reached skill level 16 in Conjurations
  6828 | D        | Noticed an orc warlord
  6829 | D        | Noticed an orc warlord
  7132 | D        | Noticed a naga warrior
  7132 | D        | Noticed a white draconian
  7133 | D        | Noticed a merfolk aquamancer
  7134 | D        | Noticed a minotaur
  7136 | D        | Killed a naga warrior
  7139 | D        | Killed a merfolk aquamancer
  7139 | D        | Killed a white draconian
  7140 | D        | Reached skill level 17 in Conjurations
  7140 | D        | Noticed a vampire mage
  7142 | D        | Reached skill level 15 in Fighting
  7425 | D        | Reached skill level 18 in Conjurations
  7541 | D        | HP: 1/121 [minotaur/staff of fire (25)]
  7542 | D        | Slain by a minotaur

Illustrated notes

Levels and vault maps discovered:
D:        pitsprint [storerooms_1, entrance_room_1, metal_vault_3, armoury_2,
          mini_pit_1, grid_room_1, main_hall_1, silver_pit, the_coven_1,
          the_vestibule_1, steel_vault_1, golden_pit, hallway_of_sentries,
          crystal_vault_4, iron_vault_5, final_vault]

Skill      XL: |  1  2  3  4  5  6  7  8  9 10 11 12 |
---------------+-------------------------------------+-----
Conjurations   | 5 6 7 8 9 10 11 12 14 18 | 18.1
Earth Magic    | 4 6 |  6.3
Spellcasting   | 4 6 9 11 13 | 13.4
Translocations | 4 |  4.0
Fire Magic     | 5 |  5.7
Air Magic      | 6 8 12 13 | 13.3
Dodging        | 3 5 6 10 | 10.9
Hexes          | 4 7 |  7.5
Fighting       | 4 8 10 15 | 15.5
Stealth        | |  1.7

Action                     |  1- 3 |  4- 6 |  7- 9 | 10-12 || total
---------------------------+-------+-------+-------+-------++-------
  Melee: Dagger            |     9 |     2 |     3 |       ||    14
         Tailslap          |     2 |       |     4 |     9 ||    15
         Quarterstaff      |       |       |     8 |    35 ||    43
   Cast: Magic Dart        |    10 |     4 |     5 |     9 ||    28
         Searing Ray       |     5 |     4 |     6 |       ||    15
         Sandblast         |     3 |    10 |     3 |       ||    16
         Kindle Blastspark |       |     5 |     7 |    15 ||    27
         Iskenderun's Myst |       |     1 |     2 |     4 ||     7
         Fulminant Prism   |       |       |    15 |    61 ||    76
         Arcjolt           |       |       |     1 |    48 ||    49
         Lightning Bolt    |       |       |       |    12 ||    12
         Orb of Destructio |       |       |       |    11 ||    11
         Conjure Ball Ligh |       |       |       |     3 ||     3
Ability: Breathe Frost     |       |       |       |     5 ||     5
         Evoke Blink       |       |       |       |     1 ||     1
  Evoke: Wand              |       |       |       |     1 ||     1
    Use: Potion            |     6 |       |     3 |    15 ||    24
         Scroll            |       |     1 |     1 |     6 ||     8
   Stab: Invisible         |     1 |       |     2 |       ||     3
 Armour: Skin              |     8 |     8 |     4 |    36 ||    56
  Dodge: Dodged            |    11 |     8 |    15 |   126 ||   160

Table legend: (Time is in decaauts)
 A = Elapsed time spent in this place.
 B = Non-inter-level travel time spent in this place.
 C = Inter-level travel time spent in this place.
 D = Time resting spent in this place.
 E = Time spent auto-exploring this place.
 F = Levels seen in this place.
 G = Mean time per level.
                   A        B        C        D        E       F      G
               +--------+--------+--------+--------+--------+-----+--------+
         Total |   7604 |   7362 |    242 |   4646 |      0 |   1 | 7604.0 |
       Dungeon |   7604 |   7362 |    242 |   4646 |      0 |   1 | 7604.0 |
               +--------+--------+--------+--------+--------+-----+--------+

Top non-repeatable levels by time:
       D: 7604 daAuts
